 Dungeon Crawl Stone Soup version 0.29.0-11-gd7f09526c8 (webtiles) character file.

Game seed: 8203684236914433513

170 pacmanke6689 the Covered (level 5, -6/43 HPs)
             Began as a Formicid Fighter on Sept 6, 2022.
             Mangled by an orc priest
             ... wielding a +0 mace
              (8 damage)
             ... on level 4 of the Dungeon.
             The game lasted 00:05:16 (3154 turns).

pacmanke6689 the Covered (Formicid Fighter)         Turns: 3154, Time: 00:05:17

Health: -6/43      AC:  8    Str: 21    XL:     5   Next: 80%
Magic:  5/5        EV:  9    Int:  7    God:
Gold:   166        SH:  5    Dex: 15    Spells: 4/4 levels left

rFire   . . .      SeeInvis +   a - +0 flail
rCold   . . .      Faith    .   c - +0 buckler
rNeg    . . .      Spirit   .   b - +0 scale mail
rPois   .          Reflect  .   (helmet unavailable)
rElec   .          Harm     .   (no cloak)
rCorr   .          Rampage  .   (no gloves)
Will    .....                   k - +0 pair of boots
Stlth   ..........              (no amulet)
HPRegen 0.14/turn               (no ring)
MPRegen 0.09/turn               (no ring)

@: no status effects
A: permanent stasis, dig shafts and tunnels, antennae 3, four strong arms
a: Dig, Shaft Self


You were on level 4 of the Dungeon.
You visited 1 branch of the dungeon, and saw 4 of its levels.

You collected 166 gold pieces.

Inventory:

Hand Weapons
 a - a +0 flail (weapon)
Armour
 b - a +0 scale mail (worn)
 c - a +0 buckler (worn)
 k - a +0 pair of boots (worn)
Wands
 l - a wand of roots (8)
Scrolls
 e - a scroll of identify
 g - a scroll of poison
 i - a scroll of fear
 j - a scroll of vulnerability {unknown}
 n - 2 scrolls of brand weapon {unknown}
 o - a scroll of amnesia {unknown}
Potions
 d - 2 potions of might
 f - 3 potions of curing
 h - a potion of degeneration
 m - 2 potions of flight {unknown}


   Skills:
 + Level 4.5 Fighting
 + Level 3.1 Maces & Flails
 + Level 4.7 Armour
 + Level 0.8 Stealth
 + Level 4.3 Shields


You had 4 spell levels left.
You didn't know any spells.
Your spell library was empty.

Dungeon Overview and Level Annotations

Branches:
Dungeon (4/15)
 Temple: D:4-7

Altars:
Nemelex Xobeh
Wu Jian
Xom


Innate Abilities, Weirdness & Mutations

You cannot be hasted, slowed, berserked, paralysed or teleported.
You can dig through walls and to a lower floor.
You have a pair of large antennae on your head. (SInv)
Your four strong arms can wield two-handed weapons with a shield.


Message History

You closely miss the orc. The orc closely misses you.
You hit the orc but do no damage. The orc closely misses you.
You hit the orc.
The orc is moderately wounded.
The orc hits you but does no damage. You block the orc's attack.
You sock the orc!
You kill the orc!
An orc priest comes into view. It is wielding a +0 dagger.
The orc priest shouts!
An orc priest comes into view. It is wielding a +0 mace.
Things that are here:
a +0 club; an orc corpse The orc priest shouts!
Found 3 stones.
The orc priest invokes the aid of Beogh against you.
Pain shoots through your body!
A centaur comes into view.
The orc priest mumbles some strange prayers to Beogh against you.
Beogh smites you! The orc priest closely misses you.
You barely miss the orc priest.
The centaur wields a +0 shortbow.
The centaur shoots an arrow.
You block the arrow.
The orc priest hits you but does no damage.
The centaur shoots an arrow.
The arrow closely misses you.
You barely miss the orc priest.
The centaur shoots an arrow.
The arrow closely misses you.
The orc priest invokes the aid of Beogh against you.
Beogh smites you!
The orc priest hits you but does no damage.
The centaur shoots an arrow.
The arrow barely misses you.
The orc priest mumbles some strange prayers to Beogh against you.
Pain shoots through your body!
* * * LOW HITPOINT WARNING * * *
You block the orc priest's attack.
Are you sure you want to shaft yourself?
The centaur shoots an arrow.
The arrow hits you!
* * * LOW HITPOINT WARNING * * *
The orc priest hits you with a +0 dagger.
* * * LOW HITPOINT WARNING * * *
The orc priest hits you with a +0 mace!
You die...

..... ...(###.##.
####......... .
#........#... ..
#........#.. ....
#........ .#.....
###.......##.#.....
#..................
.##........#@.......
...........#oo.....c
.#...............#..#
#..........)........#
#.............>......
...........##.#.....
.#.................
###...#...........#
##..#####........#..


You could see a centaur and 2 orc priests.

Vanquished Creatures
  Ijyb (D:3)
  2 orc wizards (D:3)
  3 adders
  2 worms (D:2)
  A dart slug (D:1)
  8 orcs
  5 endoplasms
  7 giant cockroaches
  3 goblins
  A hobgoblin (D:1)
  3 ball pythons
  5 bats
  A frilled lizard (D:3)
  9 kobolds
  4 rats
55 creatures vanquished.

Notes
Turn   | Place    | Note
-------+----------+-------------------------------------------
     0 | D:1      | pacmanke6689 the Formicid Fighter began the quest for the
                  | Orb.
     0 | D:1      | Reached XP level 1. HP: 18/18 MP: 1/1
   197 | D:1      | Reached XP level 2. HP: 16/24 MP: 2/2
   930 | D:2      | Reached XP level 3. HP: 26/30 MP: 3/3
  1054 | D:2      | Found a faded altar of an unknown god.
  1697 | D:2      | Reached XP level 4. HP: 35/37 MP: 4/4
  2331 | D:3      | Noticed Ijyb
  2343 | D:3      | Killed Ijyb
  2344 | D:3      | Reached XP level 5. HP: 29/43 MP: 5/5
  2805 | D:3      | Found an ornate altar of the Wu Jian Council.
  2811 | D:3      | Found a shimmering altar of Xom.
  2816 | D:3      | Found a sparkling altar of Nemelex Xobeh.
  3151 | D:4      | Noticed a centaur
  3154 | D:4      | HP: 2/43 [orc priest/+0 dagger (3)]
  3154 | D:4      | Mangled by an orc priest

Illustrated notes

Levels and vault maps discovered:
D:1:      zelgadis_glass_arrival_small, layout_basic
D:2:      layout_basic, hellmonk_ecumenical_altar_crossroads
D:3:      layout_basic, minmay_overflow_temple_star_quad, corexii_corridor_pit,
          uniq_ijyb
D:4:      layout_cave_pools, minmay_temple_entry_mist,
          hangedman_abyss_or_decor_slice, uniq_eustachio

Skill      XL: |  1  2  3  4 |
---------------+-------------+-----
Armour         | 4 |  4.7
Maces & Flails | 3 |  3.1
Fighting       | 4 |  4.5
Stealth        | |  0.8
Shields        | |  4.3

Action                   |  1- 3 |  4- 6 || total
-------------------------+-------+-------++-------
Melee: Flail             |    67 |    82 ||   149
 Abil: Shaft Self        |       |     1 ||     1
  Use: Scroll            |     4 |     1 ||     5
Armor: Scale mail        |    34 |    48 ||    82
Dodge: Dodged            |    21 |    52 ||    73
Block: Buckler           |    10 |    26 ||    36
